 Dungeon Crawl Stone Soup version 0.22-a0-469-gf26638a (webtiles) character file.

7787 Mamutox the Nimble (level 11, -2/51 HPs)
             Began as a Spriggan Enchanter on June 12, 2018.
             Was an Initiate of Gozag.
             Killed from afar by a battlesphere (9 damage)
             ... created by a tengu conjurer
             ... on level 9 of the Dungeon.
             The game lasted 01:53:50 (16513 turns).

Mamutox the Nimble (Spriggan Enchanter)            Turns: 16513, Time: 01:53:51

Health: -2/51      AC:  5    Str:  4    XL:     11   Next: 1%
Magic:  20/32      EV: 28    Int: 17    God:    Gozag
Gold:   1186       SH: 10    Dex: 20    Spells: 14/25 levels left

rFire    . . .     SeeInvis +   a - +1 dagger
rCold    . . .     Gourm    .   H - +0 buckler
rNeg     + + .     Faith    .   R - +2 robe {rN+}
rPois    .         Spirit   .   (helmet restricted)
rElec    .         Reflect  +   r - +0 cloak
rCorr    .         Harm     .   (gloves unavailable)
MR       +....                  (boots unavailable)
Stlth    +++++.....             A - +3 amulet of reflection
HPRegen  0.17/turn              C - ring of positive energy
MPRegen  0.23/turn              K - ring of magical power

@: gold aura, very quick
A: very small, unfitting armour, see invisible, herbivore, speed 3, slow
metabolism 2
a: Potion Petition, Call Merchant, Bribe Branch, Renounce Religion


You were on level 9 of the Dungeon.
You worshipped Gozag.
Gozag was most pleased with you.
You were not hungry.

You visited 2 branches of the dungeon, and saw 10 of its levels.

You collected 1266 gold pieces.
You paid 80 gold pieces to Gozag.

Inventory:

Hand Weapons
 a - a +1 dagger (weapon)
 b - a +0 hunting sling
 s - a +4 quarterstaff of chaos
 v - a +0 blowgun
 w - a +0 dagger
 O - a +1 long sword
 V - a +1 whip of freezing
Missiles
 n - 32 sling bullets (quivered)
 u - 27 poisoned needles
 z - 8 tomahawks
 W - a throwing net
Armour
 r - a +0 cloak (worn)
 H - a +0 buckler (worn)
 R - a +2 robe of positive energy (worn)
Magical Staves
 T - an uncursed staff of conjuration {unknown}
Jewellery
 A - a +3 amulet of reflection (around neck)
 B - an uncursed ring of ice
 C - a ring of positive energy (left hand)
 K - a ring of magical power (right hand)
 P - an uncursed ring of flight
Wands
 l - a wand of flame (13)
 D - a wand of acid (7)
 E - a wand of iceblast (9)
 G - a wand of clouds (14)
Scrolls
 f - 12 scrolls of identify
 h - 2 scrolls of immolation
 i - a scroll of brand weapon {unknown}
 j - a scroll of fear {unknown}
 o - 3 scrolls of magic mapping {unknown}
 p - 2 scrolls of teleportation {unknown}
 y - 5 scrolls of remove curse
 F - 2 scrolls of fog {unknown}
 M - 2 scrolls of enchant weapon {unknown}
 Q - 3 scrolls of random uselessness {unknown}
 S - a scroll of holy word {unknown}
 X - a scroll of amnesia {unknown}
 Y - a scroll of enchant armour {unknown}
Potions
 c - 6 potions of curing
 e - 3 potions of flight
 g - 2 potions of agility {unknown}
 k - 3 potions of degeneration {unknown}
 m - 8 potions of lignification {unknown}
 q - a potion of berserk rage {unknown}
 t - a potion of ambrosia {unknown}
 x - a potion of magic {unknown}
 I - 2 potions of haste
 U - a potion of cancellation {unknown}
 Z - a potion of might {unknown}
Comestibles
 d - 14 rations


   Skills:
 + Level 2.9 Fighting
 + Level 7.0 Short Blades
 - Level 3.0 Slings
 + Level 11.6 Dodging
 + Level 11.2 Stealth
 - Level 3.0 Shields
 + Level 7.9 Spellcasting
 + Level 8.2 Hexes
 - Level 3.0 Summonings
 - Level 3.0 Evocations


You had 14 spell levels left.
You knew the following spells:

 Your Spells              Type           Power        Failure   Level  Hunger
a - Corona                Hex            ####...      1%          1    None
b - Confuse               Hex            ####....     1%          3    #......
c - Ensorcelled Hibernat  Hex/Ice        ###...       3%          2    None
d - Summon Guardian Gole  Hex/Summ       ####....     4%          3    #......
e - Call Imp              Summ           ###.....     6%          2    None

Your spell library contained the following spells:

 Spells                   Type           Power        Failure   Level  Hunger
 Summon Small Mammal      Summ           ###.         4%          1    None
 Summon Ice Beast         Ice/Summ       ##......     58%         4    ###....
 Regeneration             Chrm/Necr      #.........   38%         3    #......
 Tukima's Dance           Hex            ####....     1%          3    #......
 Confusing Touch          Hex            ####..       1%          1    None
 Call Canine Familiar     Summ           ###.....     12%         3    #......
 Metabolic Englaciation   Hex/Ice        ###.......   56%         5    #####..
 Petrify                  Tmut/Erth      #.......     80%         4    ###....
 Shroud of Golubria       Chrm/Tloc      #.........   22%         2    None
 Dazzling Spray           Conj/Hex       ###...       8%          3    #......
 Infusion                 Chrm           #...         14%         1    None
 Song of Slaying          Chrm           #.......     22%         2    None
 Spectral Weapon          Hex/Chrm       ###.....     8%          3    #......
 Summon Lightning Spire   Summ/Air       ##......     58%         4    ###....
 Gell's Gravitas          Tloc           #.........   38%         3    #......
 Yara's Violent Unravell  Hex/Tmut       ###.......   56%         5    #####..


Dungeon Overview and Level Annotations

Branches:
Dungeon (9/15)             Temple (1/1) D:5
   Lair: D:8-11         Orc: D:9-12

Altars:
Ashenzari
Cheibriados
Elyvilon
Fedhas
Gozag
Hepliaklqana
Kikubaaqudgha
Makhleb
Nemelex Xobeh
Okawaru
Qazlal
Ru
Sif Muna
Trog
Uskayaw
Vehumet
Wu Jian
Xom
Yredelemnul
Zin
The Shining One

Shops:
D:7 }


Innate Abilities, Weirdness & Mutations

You are very small and have problems with some larger weapons.
You are too small for most types of armour.
You have supernaturally acute eyesight. (SInv)
You are a herbivore.
You cover ground extremely quickly.
You need to consume almost no food.


Message History

Confirm with . or Enter, or press ? or * to list all spells.
You don't know that spell.
Casting: Call Imp (safe; 6% risk of failure)
Confirm with . or Enter, or press ? or * to list all spells.
Aiming: Ensorcelled Hibernation (safe; 3% risk of failure)
Press: ? - help, Shift-Dir - straight line, f - tengu conjurer
Aim: a tengu conjurer (lightly wounded, fast, chance to defeat MR: 50%)
The tengu conjurer resists with some effort.
Your crimson imp hits the battlesphere.
You block the tengu conjurer's attack. The tengu conjurer pecks you.
The tengu conjurer misses you.
Your crimson imp blinks! x2
The centaur warrior wields an uncursed shortbow.
The centaur warrior shoots an arrow.
The arrow hits you!
* * * LOW HITPOINT WARNING * * *
You see here an arrow.
The tengu conjurer points at you and mumbles some strange words.
The bolt of lightning misses you.
The battlesphere fires!
The barrage of energy hits you!
You die...
Your body crumbles into a pile of gold.

######..##........##
##..##..##..##....#.
#.......##..##......
#.......#...#.......
#.......#...#...###.
#.......##.......#..
#.......##....#..#$.
#..).....5....######
#>.@.....#....#..#..
#....(Q.#5.5.....#..
#(.........c.5..###.
#....5*..ยง.###......
#...........#.......
#........#..#..#..#.
#........#######..##
#........#..#..#..#.
#.....<.....#.......


You could see a tengu conjurer, a battlesphere and 3 friendly crimson imps.

Vanquished Creatures
  Erolcha (D:9)
  A two-headed ogre (D:8)
  Pikel (D:7)
  2 rust devils (D:7)
  The ghost of ThereIsNoGod the Magician, an amateur GnWn (D:4)
  Grinder (D:6)
  2 trolls (D:9)
  A hippogriff (D:9)
  Prince Ribbit (D:5)
  6 yaks
  Edmund (D:6)
  A water moccasin (D:9)
  Duvessa (D:7)
  A sky beast (D:6)
  2 slaves (D:7)
  A black bear (D:6)
  An ogre (D:7)
  3 orc warriors
  A centaur (D:6)
  A crocodile (D:5)
  Blork the orc (D:5)
  6 bullfrogs
  A gnoll sergeant (D:9)
  2 scorpions
  Dowan (D:7)
  A howler monkey (D:5)
  4 wights (D:6)
  A crimson imp (D:6)
  2 centaur zombies
  A quasit (D:8)
  8 hounds
  An orc priest (D:8)
  2 bullfrog skeletons (D:4)
  2 jellies
  2 centaur skeletons
  6 orc wizards
  Crazy Yiuf (D:2)
  Ijyb (D:5)
  An iguana (D:8)
  10 worker ants
  A worker ant zombie (D:8)
  6 gnolls
  8 adders
  4 shadow imps
  2 oozes (D:2)
  An adder skeleton (D:5)
  5 worms
  4 dart slugs
  4 leopard geckos
  16 orcs
  6 bats
  4 giant cockroaches
  9 goblins
  8 hobgoblins
  3 jackals
  7 kobolds
  6 quokkas
  11 frilled lizards
  A leopard gecko zombie (D:6)
  A quokka skeleton (D:4)
  10 rats
  A spectral orc (D:4)
202 creatures vanquished.

Vanquished Creatures (others)
  A centaur (D:9)
  An adder zombie (D:9)
2 creatures vanquished.

Grand Total: 204 creatures vanquished

Notes
Turn   | Place    | Note
-------+----------+-------------------------------------------
     0 | D:1      | Mamutox the Spriggan Enchanter began the quest for the Orb.
     0 | D:1      | Reached XP level 1. HP: 9/9 MP: 5/5
   195 | D:1      | Reached XP level 2. HP: 6/13 MP: 6/6
   973 | D:2      | Reached XP level 3. HP: 16/16 MP: 8/8
   991 | D:2      | Learned a level 3 spell: Confuse
  1630 | D:2      | Reached skill level 5 in Stealth
  3438 | D:2      | Reached XP level 4. HP: 18/21 MP: 10/10
  3902 | D:2      | Found a snail-covered altar of Cheibriados.
  3988 | D:2      | Found a runed door.
  3992 | D:2      | Noticed Crazy Yiuf
  3997 | D:2      | Killed Crazy Yiuf
  3997 | D:2      | Reached skill level 1 in Slings
  4443 | D:3      | Reached XP level 5. HP: 22/24 MP: 5/11
  4548 | D:3      | Found an ornate altar of the Wu Jian Council.
  4557 | D:3      | Found a shattered altar of Ashenzari.
  6001 | D:4      | Found a stormy altar of Qazlal.
  6004 | D:4      | Noticed ThereIsNoGod's ghost (amateur GnWn)
  6192 | D:3      | Learned a level 2 spell: Ensorcelled Hibernation
  6274 | D:4      | Found an iron altar of Okawaru.
  6474 | D:4      | Reached skill level 5 in Dodging
  6491 | D:4      | Reached XP level 6. HP: 26/29 MP: 9/12
  6652 | D:4      | Reached skill level 1 in Fighting
  6796 | D:4      | Found a basalt altar of Yredelemnul.
  7172 | D:4      | Killed ThereIsNoGod's ghost
  7172 | D:4      | Reached XP level 7. HP: 34/34 MP: 11/14
  7364 | D:4      | Reached skill level 5 in Hexes
  7599 | D:5      | Entered Level 5 of the Dungeon
  7653 | D:5      | Noticed Prince Ribbit
  7832 | D:5      | Killed Prince Ribbit
  7957 | D:5      | Noticed Blork the orc
  7965 | D:5      | Killed Blork the orc
  8231 | D:5      | Reached skill level 1 in Evocations
  8344 | D:5      | Noticed Ijyb
  8377 | D:5      | Reached XP level 8. HP: 39/39 MP: 10/15
  8468 | D:5      | Killed Ijyb
  8682 | D:5      | Found a staircase to the Ecumenical Temple.
  8722 | Temple   | Entered the Ecumenical Temple
  9220 | Temple   | Became a worshipper of Gozag Ym Sagoz the Greedy
  9664 | D:6      | Noticed Grinder
  9707 | D:6      | Killed Grinder
  9707 | D:6      | Reached skill level 5 in Spellcasting
  9736 | D:6      | Noticed Edmund
 10537 | D:6      | Killed Edmund
 10537 | D:6      | Reached XP level 9. HP: 42/42 MP: 13/18
 10955 | D:6      | Found a shimmering altar of Xom.
 11049 | D:6      | Reached skill level 5 in Short Blades
 11619 | D:7      | Noticed Dowan
 11621 | D:7      | Noticed Duvessa
 11665 | D:7      | Killed Dowan
 11739 | D:7      | Killed Duvessa
 11935 | D:7      | Learned a level 3 spell: Summon Guardian Golem
 12278 | D:7      | Found Goxicig's Gadget Emporium.
 12669 | D:7      | Noticed Pikel
 12681 | D:7      | Killed Pikel
 12681 | D:7      | Reached skill level 10 in Dodging
 14054 | D:6      | Noticed a rust devil
 14054 | D:6      | Noticed a rust devil
 14393 | D:7      | Killed a rust devil
 14393 | D:7      | Reached skill level 10 in Stealth
 14393 | D:7      | Reached skill level 1 in Shields
 14393 | D:7      | Reached skill level 1 in Summonings
 14550 | D:7      | Killed a rust devil
 14550 | D:7      | Reached XP level 10. HP: 46/46 MP: 21/21
 14901 | D:8      | Noticed a two-headed ogre
 14964 | D:8      | Killed a two-headed ogre
 15112 | D:9      | Noticed Erolcha
 15114 | D:9      | Killed Erolcha
 16456 | D:9      | Learned a level 2 spell: Call Imp
 16480 | D:9      | Reached XP level 11. HP: 51/51 MP: 23/23
 16489 | D:9      | Noticed a centaur warrior
 16513 | D:9      | Killed from afar by a battlesphere

Vault maps used:
D:1:      dpeg_arrival_stonehenge_12_columns, minmay_misc_feat_tower
D:2:      cheibrodos_old_hovel, kennysheep_slug_shrine, first_ration, hex_large,
          uniq_crazy_yiuf_cottage
D:3:      minitemple
D:4:      yredelemnul_forgotten_temple_becter, old_standard_altar,
          nicolae_overflow_crystal_walls, minmay_crystal_room
D:5:      minmay_temple_entry_hall, supply_closet_lemuel, uniq_ijyb,
          uniq_blork_the_orc, uniq_prince_ribbit1
D:6:      cheibrodos_iron_armory, eino_curves_01, tgw_xom, uniq_grinder,
          uniq_edmund
D:7:      serial_shops, nicolae_shop_waterfront, serial_aquarium,
          aquarium_bridge_square, aquarium_bridge_square, aquarium_window_1,
          aquarium_window_fake, aquarium_view_4, aquarium_pool_side,
          grunt_ogre_cave, uniq_pikel, uniq_duvessa
D:9:      hangedman_cross_cluster, nicolae_dithmenos_through_a_glass_darkly,
          uniq_erolcha
Temple:   regret_index_temple_generic_petals

Skill      XL: |  1  2  3  4  5  6  7  8  9 10 |
---------------+-------------------------------+-----
Spellcasting   | 3 4 5 6 7 |  7.9
Hexes          | 4 5 6 7 8 |  8.2
Stealth        | 5 6 7 8 10 11 | 11.2
Short Blades   | 2 3 4 6 7 |  7.0
Slings         | 1 2 3 |  3.0
Dodging        | 4 5 7 9 10 11 | 11.6
Fighting       | 1 2 |  2.9
Evocations     | 1 3 |  3.0
Shields        | 1 3 |  3.0
Summonings     | 1 3 |  3.0

Action                   |  1- 3 |  4- 6 |  7- 9 | 10-12 || total
-------------------------+-------+-------+-------+-------++-------
Melee: Dagger            |   204 |   167 |   239 |    78 ||   688
 Fire: Hunting sling     |    91 |    44 |    33 |       ||   168
Throw: Stone             |    29 |     5 |       |       ||    34
 Cast: Confuse           |     2 |    20 |    37 |     9 ||    68
       Ensorcelled Hiber |       |     8 |    84 |    39 ||   131
       Summon Guardian G |       |       |     1 |     3 ||     4
       Call Imp          |       |       |       |     5 ||     5
  Use: Potion            |     1 |       |       |       ||     1
       Scroll            |       |       |     2 |     2 ||     4
 Stab: Sleeping          |    11 |    16 |    49 |    26 ||   102
       Confused          |     1 |    10 |    24 |     7 ||    42
       Distracted        |       |       |       |     3 ||     3
  Eat: Ration            |       |     3 |     4 |     2 ||     9
Armor: Robe              |    16 |     9 |    15 |     5 ||    45
Dodge: Dodged            |   183 |   104 |   126 |    30 ||   443
Block: Buckler           |       |       |     2 |    27 ||    29
       Reflection        |       |       |       |     8 ||     8

Table legend:
 A = Spawn XP
 B = Non-spawn XP
 C = Spawn XP percentage of total XP
 D = Spawn monster count
 E = Non-spawn monster count
 F = Spawn count percentage of total count
 G = Total turns spent on level
                    A         B        C        D         E        F      G
               +---------+---------+-------+---------+---------+-------+---------
         Total |       0 |   11125 |   0.0 |       0 |     201 |   0.0 | 16513
               +---------+---------+-------+---------+---------+-------+---------
           D:1 |       0 |      36 |   0.0 |       0 |      21 |   0.0 |   928
           D:2 |       0 |     121 |   0.0 |       0 |      26 |   0.0 |  3340
           D:3 |       0 |     121 |   0.0 |       0 |      26 |   0.0 |  1846
           D:4 |       0 |     578 |   0.0 |       0 |      16 |   0.0 |  1515
           D:5 |       0 |     882 |   0.0 |       0 |      18 |   0.0 |  1497
           D:6 |       0 |    1580 |   0.0 |       0 |      33 |   0.0 |  2347
           D:7 |       0 |    2612 |   0.0 |       0 |      25 |   0.0 |  2727
           D:8 |       0 |    2047 |   0.0 |       0 |      19 |   0.0 |  1129
           D:9 |       0 |    3148 |   0.0 |       0 |      17 |   0.0 |   666
               +---------+---------+-------+---------+---------+-------+---------
